 Dungeon Crawl Stone Soup version 0.21.0-30-g47ce8e4 (webtiles) character file.

1106 Monsterracer the Ruffian (level 8, 0/66 HPs)
             Began as a Red Draconian Arcane Marksman on Jan 28, 2018.
             Was an Initiate of Cheibriados.
             Slain by Sigmund
             ... wielding a +1 scythe of slicing
              (2 damage)
             ... on level 4 of the Dungeon.
             The game lasted 00:20:43 (6902 turns).

Monsterracer the Ruffian (DrAM)                     Turns: 6902, Time: 00:20:43

Health: 0/66       AC: 14    Str: 14    XL:     8   Next: 11%
Magic:  9/9        EV: 12    Int: 17    God:    Cheibriados [......]
Gold:   261        SH:  4    Dex: 12    Spells: 4/9 levels left

rFire    + . .     SeeInvis .     - Unarmed
rCold    . . .     Gourm    .   v - +0 buckler {rN+}
rNeg     + . .     Faith    .   (armour unavailable)
rPois    .         Spirit   .   (helmet restricted)
rElec    .         Reflect  .   s - +1 cloak
rCorr    .         Harm     .   q - +2 pair of gloves
MR       .....                  e - +2 pair of boots
Stlth    +.........             (no amulet)
HPRegen  0.21/turn              (no ring)
MPRegen  0.11/turn              (no ring)

@: short of breath, heavily drained, very slow
A: breathe fire, unfitting armour, fire resistance 1, cold-blooded, AC +6
a: Breathe Fire, Bend Time, Renounce Religion


You were on level 4 of the Dungeon.
You worshipped Cheibriados.
Cheibriados was noncommittal.
You were not hungry.

You visited 2 branches of the dungeon, and saw 6 of its levels.
You also visited: Sewer.

You collected 261 gold pieces.

Inventory:

Missiles
 b - 5 javelins (quivered)
 d - 2 throwing nets
Armour
 e - a +2 pair of boots (worn)
 q - a +2 pair of gloves (worn)
 r - a +0 large shield
 s - a +1 cloak (worn)
 v - a +0 buckler of positive energy (worn)
Jewellery
 o - an uncursed amulet of regeneration
Scrolls
 h - 5 scrolls of remove curse
 m - a scroll of blinking
Potions
 f - 6 potions of heal wounds
 g - 2 potions of flight
 i - a potion of agility
 j - a potion of mutation {!q}
 k - 5 potions of curing
 l - 3 potions of brilliance
 n - a potion of resistance
Books
 p - a book of Flames

   Spells                             Type                      Level
   a - Flame Tongue                   Conjuration/Fire             1
   b - Throw Flame                    Conjuration/Fire             2
   c - Conjure Flame                  Conjuration/Fire             3
   d - Inner Flame                    Hexes/Fire                   3
   e - Sticky Flame                   Conjuration/Fire             4
   f - Fireball                       Conjuration/Fire             5
Comestibles
 a - 3 chunks of flesh
 c - 6 rations


   Skills:
 + Level 3.7(2.1) Fighting
 - Level 1.7(0.2) Throwing
 + Level 3.6(1.9) Dodging
 + Level 3.2(1.6) Shields
 * Level 7.0(5.2) Unarmed Combat
 - Level 1.0(0.0) Spellcasting
 - Level 2.6(1.0) Hexes
 + Level 1.4(0.0) Invocations


You had 4 spell levels left.
You knew the following spells:

 Your Spells              Type           Power        Failure   Level  Hunger
a - Corona                Hex            #......      21%         1    ##.....
w - Cause Fear            Hex            #.........   90%         4    #####..


Dungeon Overview and Level Annotations

Branches:
Dungeon (5/15)             Temple (1/1) D:5

Altars:
Cheibriados
Elyvilon
Fedhas
Gozag
Hepliaklqana
Kikubaaqudgha
Makhleb
Nemelex Xobeh
Okawaru
Qazlal
Ru
Trog
Vehumet
Wu Jian
Xom

Annotations:
D:2 1 runed door
D:4 Sigmund


Innate Abilities, Weirdness & Mutations

You can breathe blasts of fire.
Your fiery red scales are hard. (AC +6)
You cannot fit into any form of body armour.
Your flesh is heat resistant. (rF+)
You are cold-blooded and may be slowed by cold attacks.


Message History

Sigmund the Dreaded comes into view.
He is wielding a scythe of slicing.
Something bites the bush but does no damage. x2
You hear a bark!
Found a potion of degeneration.
Something bites the bush but does no damage.
A jackal comes into view.
The jackal moves out of view.
Something completely misses the bush.
Something bites the bush but does no damage.
The frilled lizard bites the bush but does no damage.
Something bites the bush but does no damage.
Something bites the bush but does no damage.
You see here a potion of degeneration.
Found a glowing leatherbound book.
p - a book of Flames
Okay, then.
Casting: Corona
Confirm with . or Enter, or press ? or * to list all spells.
Okay, then.
The jackal barely misses you.
The jackal bites you but does no damage.
You hit the jackal but do no damage. The jackal closely misses you.
The jackal barely misses you.
You punch the jackal!
You kill the jackal!
Cheibriados appreciates the change of pace.
No target in view!
A jackal comes into view.
The jackal barks!
You block the jackal's attack. The jackal barely misses you.
You miss the jackal. You tail-slap the jackal.
The jackal is lightly wounded.
The jackal bites you but does no damage.
You closely miss the jackal.
The jackal is lightly wounded.
The jackal bites you but does no damage. x2
You hit the jackal.
You kill the jackal!
Cheibriados appreciates the change of pace.
No target in view!
No target in view!
No target in view!
Something hits the bush but does no damage.
Found a leather armour.
A centaur comes into view.
The centaur shouts!
The centaur wields a shortbow.
The centaur shoots an arrow.
The arrow hits you.
The centaur shoots an arrow.
The arrow misses you.
You see here an arrow.
You take 5 damage, and have 61/66 hp.
The centaur shoots an arrow.
The arrow hits you!
Sigmund casts a spell.
Sigmund flickers and vanishes!
Deactivating autopickup; reactivate with Ctrl-A.
The centaur shoots an arrow.
The arrow hits you but does no damage.
You take 7 damage, and have 54/66 hp.
The centaur unwields an uncursed shortbow.
You block the centaur's attack. The centaur hits you.
You take 5 damage, and have 50/66 hp.
Your shield prevents you from hitting the centaur.
You block the centaur's attack.
You closely miss the centaur. The centaur barely misses you.
The centaur hits you.
You take 6 damage, and have 44/66 hp.
You hit the centaur but do no damage.
Your tail-slap misses the centaur.
The centaur hits you but does no damage.
You closely miss the centaur. The centaur hits you! Something hits you.
* * * LOW HITPOINT WARNING * * *
You block the centaur's attack.
You take 11 damage, and have 33/66 hp.
Your shield prevents you from hitting the centaur.
Something hits you.
* * * LOW HITPOINT WARNING * * *
* * * LOW HITPOINT WARNING * * *
The centaur closely misses you.
You take 2 damage, and have 31/66 hp.
Okay, then.
The centaur wields an uncursed shortbow.
The centaur shoots an arrow.
The arrow hits you!
* * * LOW HITPOINT WARNING * * *
You see here an arrow.
You take 8 damage, and have 23/66 hp.
You hit the centaur. You tail-slap the centaur.
The centaur is moderately wounded.
The centaur unwields an uncursed shortbow.
The centaur hits you.
* * * LOW HITPOINT WARNING * * *
Something hits you!
* * * LOW HITPOINT WARNING * * *
* * * LOW HITPOINT WARNING * * *
You take 11 damage, and have 12/66 hp.
Unknown command.
Press: ? - help, Shift-Dir - straight line, f - centaur
Aim: a centaur (moderately wounded)
You breathe a blast of fire.
The fiery breath hits the centaur.
The centaur is moderately wounded.
You feel somewhat more hungry.
The centaur is engulfed in blazing flames.
The centaur closely misses you. Something hits you!
* * * LOW HITPOINT WARNING * * *
You die...

#.### #####
...###.######....
.............#....
##................
##############......
[......(#....#......
#........#..####
#####.(PPPP†........
#..@c.PPP.P..#......
#.###.PP_PP.##.#....
# ...PP....#......
#....PPP..###.###
#.##.###.## #.# #.
#.# #!####.### #{ ..
#.##......
....##.#.#....###
................


You could see a centaur.

Vanquished Creatures
  2 sky beasts
  A phantom (D:4)
  2 centaurs
  A big kobold (Sewer)
  A water moccasin skeleton (D:5)
  A howler monkey (D:5)
  A bullfrog zombie (D:5)
  An orc priest (D:4)
  A hound (D:3)
  A bullfrog skeleton (D:5)
  An iguana (D:5)
  Jessica (D:3)
  3 worker ants (D:5)
  A hound zombie (D:5)
  9 adders
  6 river rats (Sewer)
  An ooze (D:3)
  3 worms
  7 leopard geckos
  4 orcs
  6 ball pythons
  6 bats
  2 giant cockroaches
  4 hobgoblins
  6 jackals
  25 kobolds
  4 frilled lizards
  7 goblins
  A jackal skeleton (D:4)
  21 rats
  A fungus (D:2)
131 creatures vanquished.

Vanquished Creatures (collateral kills)
  3 rats (Sewer)
3 creatures vanquished.

Vanquished Creatures (others)
  3 orcs (D:3)
  3 jackals (D:3)
  A frilled lizard (D:3)
7 creatures vanquished.

Grand Total: 141 creatures vanquished

Notes
Turn   | Place    | Note
-------+----------+-------------------------------------------
     0 | D:1      | Monsterracer the Draconian Arcane Marksman began the quest for the Orb.
     0 | D:1      | Reached XP level 1. HP: 16/16 MP: 2/2
   116 | D:1      | HP: 8/16 [bat (1)]
   146 | D:1      | HP: 7/16 [bat (1)]
   161 | D:1      | HP: 6/16 [bat (1)]
   510 | D:1      | Reached skill level 1 in Unarmed Combat
   863 | D:1      | Reached XP level 2. HP: 23/23 MP: 3/3
  1144 | D:1      | Reached skill level 2 in Unarmed Combat
  2095 | D:2      | Reached XP level 3. HP: 22/28 MP: 4/4
  2402 | D:2      | Reached skill level 3 in Unarmed Combat
  2907 | D:2      | Noticed Jessica
  3071 | D:2      | Found a runed door.
  3091 | D:3      | Found a radiant altar of Vehumet.
  3356 | D:4      | Reached XP level 4. HP: 32/35 MP: 5/5
  3359 | D:4      | Noticed a phantom
  3514 | D:3      | Reached skill level 4 in Unarmed Combat
  3695 | D:3      | Killed Jessica
  3695 | D:3      | Reached XP level 5. HP: 40/40 MP: 6/6
  4448 | D:4      | Noticed a centaur
  4450 | D:4      | HP: 19/40 [centaur/arrow (6)]
  4457 | D:4      | HP: 9/40 [centaur (6)]
  4462 | D:4      | Killed a centaur
  4462 | D:4      | Reached skill level 5 in Unarmed Combat
  4646 | D:4      | HP: 16/40 [orc priest/divine providence (13)]
  4652 | D:4      | HP: 8/40 [orc priest/divine providence (11)]
  4654 | D:5      | Entered Level 5 of the Dungeon
  4691 | D:5      | Reached skill level 1 in Shields
  4691 | D:5      | Reached XP level 6. HP: 27/48 MP: 7/7
  4780 | D:5      | HP: 24/48 [poisoned by a worker ant]
  4782 | D:5      | HP: 11/48 [centaur/uncursed war axe (10)]
  4784 | D:5      | HP: 4/48 [centaur/uncursed war axe (8)]
  4791 | D:5      | HP: 12/48 [poisoned by a worker ant]
  4799 | D:5      | HP: 11/49 [poisoned by a worker ant]
  4814 | D:5      | HP: 10/49 [iguana (5)]
  4830 | D:5      | HP: 17/50 [worker ant (2)]
  4880 | D:5      | Noticed a sky beast
  4964 | D:5      | Found a glowing drain.
  4974 | D:5      | Reached skill level 6 in Unarmed Combat
  4974 | D:5      | Your scales start taking on a fiery red colour.
  4974 | D:5      | Reached XP level 7. HP: 56/56 MP: 8/8
  4974 | D:5      | Gained mutation: Your flesh is heat resistant. (rF+) [Red Draconian growth]
  5019 | Sewer    | Entered a sewer
  5297 | Sewer    | Learned a level 4 spell: Cause Fear
  5688 | D:5      | Found a staircase to the Ecumenical Temple.
  5697 | Temple   | Entered the Ecumenical Temple
  6056 | Temple   | Became a worshipper of Cheibriados the Contemplative
  6298 | D:5      | Found an opulent altar of Gozag.
  6455 | D:4      | Reached skill level 1 in Invocations
  6455 | D:4      | Reached XP level 8. HP: 64/64 MP: 9/9
  6514 | D:4      | Reached skill level 7 in Unarmed Combat
  6828 | D:4      | Found a blossoming altar of Fedhas.
  6831 | D:4      | Noticed Sigmund
  6898 | D:4      | HP: 33/66 [something (1)]
  6901 | D:4      | HP: 15/66 [something (7)]
  6902 | D:4      | HP: 2/66 [something (10)]
  6902 | D:4      | Slain by Sigmund

Skill      XL: |  1  2  3  4  5  6  7  8 |
---------------+-------------------------+-----
Unarmed Combat | 1 2 3 4 5 6 7 |  7.0
Dodging        | 2 3 |  3.6
Shields        | 1 2 3 |  3.2
Fighting       | 2 3 |  3.7
Invocations    | 1 |  1.4
Throwing       | |  1.7
Spellcasting   | |  1.0
Hexes          | |  2.6

Action                   |  1- 3 |  4- 6 |  7- 9 || total
-------------------------+-------+-------+-------++-------
Melee: Unarmed           |   216 |   193 |   274 ||   683
       Tailslap          |     8 |    22 |    23 ||    53
       Punch             |       |     1 |       ||     1
Throw: Javelin           |     9 |       |       ||     9
 Abil: Breathe Fire      |       |       |     7 ||     7
  Use: Scroll            |       |    16 |     7 ||    23
       Potion            |       |     3 |       ||     3
 Stab: Sleeping          |     1 |     1 |       ||     2
       Invisible         |       |     3 |       ||     3
  Eat: Chunk             |     3 |     7 |     8 ||    18
       Ration            |     1 |       |       ||     1
Armor: Skin              |   125 |    66 |   103 ||   294
Dodge: Dodged            |   244 |   138 |   135 ||   517
Block: Buckler           |       |    23 |    53 ||    76

Vault maps used:
D:1:      minmay_arrival_doors
D:2:      uniq_jessica, uniq_crazy_yiuf_cottage
D:3:      overflow_temple_1_default, lemuel_old_faithful
D:4:      kennysheep_big_flooded_room, fedhas_bush_and_centaur_altar,
          first_ration, kennysheep_generic_room_9, uniq_sigmund
D:5:      nicolae_gozag_seed_capital, minmay_temple_entry_trees,
          portal_sewer_entry_f
Temple:   minmay_temple_forest_path
Sewer:    sewer_minmay_treatment
